[ PARTIDA AOE2 · #476086009 ]
Team RMGodos vs Franks
[ ANÁLISIS DE REPETICIÓN · EXTRAÍDO DE LA PARTIDA GRABADA ]
Feudal
8:26
Castillos
12:01
Imperial
32:03
| APM promedio | 26.8 |
| APM pico | 72 |
| eAPM promedio | 16.7 |
| Aldeanos / militares | 132 / 167 |
Foco
⚔️ 27.3% · 🌾 72.7%
Huskarl ×120 · Spearman ×43 · Monk ×3 · Trebuchet (Packed) ×1
Feudal
7:41
Castillos
11:49
Imperial
—
| APM promedio | 20.3 |
| APM pico | 75 |
| eAPM promedio | 10.1 |
| Aldeanos / militares | 124 / 30 |
Foco
⚔️ 21.2% · 🌾 78.8%
Knight ×22 · Petard ×2 · Throwing Axeman ×2 · Monk ×2 · Mangonel ×2
Feudal
8:03
Castillos
12:19
Imperial
35:16
| APM promedio | 28.9 |
| APM pico | 57 |
| eAPM promedio | 14.1 |
| Aldeanos / militares | 122 / 123 |
Foco
⚔️ 35.3% · 🌾 64.7%
Conquistador ×64 · Spearman ×54 · Trebuchet (Packed) ×3 · Monk ×2
Feudal
7:36
Castillos
12:46
Imperial
28:39
| APM promedio | 27.2 |
| APM pico | 51 |
| eAPM promedio | 20.1 |
| Aldeanos / militares | 143 / 225 |
Foco
⚔️ 33.2% · 🌾 66.8%
Hand Cannoneer ×97 · Knight ×74 · Skirmisher ×46 · Bombard Cannon ×5 · Monk ×2 · Trebuchet (Packed) ×1
Mapa de la partida
Recursos al inicio + cada clic de construcción. Línea gruesa = muro · recuadro discontinuo = muro de casas detectado. 🟡 oro · ⚪ piedra · 🟢 bayas · 🔶 jabalí · ⭕ reliquia
Inputs por minuto
— chris3er - - Oz!'
Build order — chris3er
Primeras 150 de 398 acciones detectadas
| 0:01 | Crear | Villager (Male) |
| 0:01 | Crear | Villager (Male) |
| 0:10 | Construir | Lumber Camp |
| 0:11 | Crear | Villager (Male) |
| 0:12 | Crear | Villager (Male) |
| 0:56 | Construir | Mill |
| 1:04 | Crear | Villager (Male) |
| 1:04 | Crear | Villager (Male) |
| 2:00 | Crear | Villager (Male) |
| 2:00 | Crear | Villager (Male) |
| 2:00 | Crear | Villager (Male) |
| 2:00 | Crear | Villager (Male) |
| 2:43 | Crear | Villager (Male) |
| 2:44 | Crear | Villager (Male) |
| 3:18 | Crear | Villager (Male) |
| 3:18 | Crear | Villager (Male) |
| 3:48 | Crear | Villager (Male) |
| 4:02 | Crear | Villager (Male) |
| 4:03 | Crear | Villager (Male) |
| 4:03 | Crear | Villager (Male) |
| 4:11 | Crear | Villager (Male) |
| 4:11 | Crear | Villager (Male) |
| 4:11 | Crear | Villager (Male) |
| 4:11 | Crear | Villager (Male) |
| 4:21 | Crear | Villager (Male) |
| 4:21 | Crear | Villager (Male) |
| 4:39 | Crear | Villager (Male) |
| 4:40 | Crear | Villager (Male) |
| 4:40 | Crear | Villager (Male) |
| 4:43 | Crear | Villager (Male) |
| 4:43 | Crear | Villager (Male) |
| 5:20 | Crear | Villager (Male) |
| 5:57 | Construir | Mining Camp |
| 6:07 | Investigar | Feudal Age |
| 6:10 | Construir | Farm |
| 6:13 | Construir | Farm |
| 6:15 | Construir | Farm |
| 6:24 | Construir | Farm |
| 7:51 | Crear | Villager (Male) |
| 7:51 | Crear | Villager (Male) |
| 8:26 | Edad | Edad Feudal |
| 8:29 | Construir | Blacksmith |
| 8:31 | Construir | Market |
| 9:21 | Investigar | Castle Age |
| 9:21 | Investigar | Castle Age |
| 9:26 | Investigar | Double-Bit Axe |
| 9:31 | Construir | Farm |
| 9:31 | Construir | Farm |
| 10:11 | Investigar | Horse Collar |
| 10:17 | Investigar | Gold Mining |
| 10:25 | Construir | Farm |
| 10:30 | Crear | Villager (Male) |
| 10:31 | Crear | Villager (Male) |
| 10:33 | Investigar | Loom |
| 11:26 | Investigar | Scale Mail Armor |
| 12:01 | Edad | Edad de los Castillos |
| 12:02 | Crear | Huskarl |
| 12:02 | Crear | Huskarl |
| 12:04 | Crear | Villager (Male) |
| 12:13 | Construir | Town Center |
| 12:30 | Crear | Huskarl |
| 12:32 | Investigar | Squires |
| 12:42 | Crear | Huskarl |
| 12:47 | Crear | Huskarl |
| 12:56 | Investigar | Heavy Plow |
| 13:01 | Construir | Farm |
| 13:07 | Construir | Farm |
| 13:09 | Crear | Villager (Male) |
| 13:14 | Crear | Huskarl |
| 13:14 | Crear | Huskarl |
| 13:28 | Construir | Farm |
| 13:30 | Crear | Villager (Male) |
| 14:03 | Construir | Farm |
| 14:05 | Crear | Villager (Male) |
| 14:06 | Crear | Villager (Male) |
| 14:10 | Crear | Huskarl |
| 14:11 | Crear | Huskarl |
| 14:27 | Construir | Lumber Camp |
| 14:29 | Crear | Villager (Male) |
| 14:32 | Crear | Villager (Male) |
| 14:37 | Crear | Huskarl |
| 14:48 | Crear | Huskarl |
| 14:54 | Construir | Farm |
| 14:56 | Construir | Farm |
| 15:00 | Construir | Farm |
| 15:02 | Crear | Villager (Male) |
| 15:06 | Crear | Villager (Male) |
| 15:15 | Construir | House |
| 15:16 | Construir | House |
| 15:21 | Crear | Huskarl |
| 15:35 | Crear | Villager (Male) |
| 15:38 | Crear | Villager (Male) |
| 16:33 | Investigar | Chain Mail Armor |
| 16:35 | Crear | Villager (Male) |
| 16:36 | Crear | Villager (Male) |
| 17:03 | Crear | Huskarl |
| 17:03 | Crear | Huskarl |
| 17:06 | Crear | Villager (Male) |
| 17:06 | Crear | Villager (Male) |
| 17:28 | Crear | Huskarl |
| 17:28 | Crear | Huskarl |
| 17:36 | Construir | House |
| 17:36 | Construir | House |
| 17:39 | Crear | Villager (Male) |
| 17:51 | Construir | Farm |
| 17:52 | Construir | Farm |
| 17:53 | Construir | Farm |
| 17:56 | Construir | Farm |
| 17:58 | Crear | Villager (Male) |
| 17:59 | Crear | Villager (Male) |
| 18:18 | Crear | Huskarl |
| 18:18 | Crear | Huskarl |
| 18:21 | Investigar | Forging |
| 18:45 | Crear | Villager (Male) |
| 18:45 | Crear | Villager (Male) |
| 19:09 | Crear | Villager (Male) |
| 19:09 | Crear | Villager (Male) |
| 19:10 | Crear | Villager (Male) |
| 19:13 | Crear | Huskarl |
| 19:13 | Crear | Huskarl |
| 19:20 | Investigar | Iron Casting |
| 19:42 | Crear | Villager (Male) |
| 19:42 | Crear | Villager (Male) |
| 19:42 | Crear | Villager (Male) |
| 19:45 | Construir | House |
| 19:46 | Construir | House |
| 19:49 | Crear | Villager (Male) |
| 19:49 | Crear | Villager (Male) |
| 19:49 | Crear | Villager (Male) |
| 19:52 | Crear | Villager (Male) |
| 19:53 | Crear | Villager (Male) |
| 20:46 | Crear | Huskarl |
| 20:46 | Crear | Huskarl |
| 20:46 | Crear | Huskarl |
| 21:15 | Crear | Huskarl |
| 21:16 | Crear | Huskarl |
| 21:16 | Crear | Huskarl |
| 21:17 | Crear | Villager (Male) |
| 21:18 | Crear | Villager (Male) |
| 21:18 | Crear | Villager (Male) |
| 21:21 | Crear | Villager (Male) |
| 21:21 | Crear | Villager (Male) |
| 21:21 | Crear | Villager (Male) |
| 21:36 | Crear | Huskarl |
| 21:36 | Crear | Huskarl |
| 21:50 | Construir | House |
| 21:50 | Construir | House |
| 21:51 | Construir | House |
| 21:51 | Construir | House |
| 21:51 | Construir | House |
Build order — Oz!'
Primeras 150 de 234 acciones detectadas
| 0:00 | Crear | Villager (Male) |
| 0:20 | Construir | Lumber Camp |
| 0:26 | Construir | Mill |
| 0:31 | Crear | Villager (Male) |
| 0:39 | Crear | Villager (Male) |
| 0:45 | Crear | Villager (Male) |
| 0:59 | Crear | Villager (Male) |
| 1:00 | Crear | Villager (Male) |
| 1:23 | Crear | Villager (Male) |
| 1:40 | Crear | Villager (Male) |
| 2:00 | Crear | Villager (Male) |
| 2:14 | Crear | Villager (Male) |
| 2:14 | Crear | Villager (Male) |
| 2:29 | Crear | Villager (Male) |
| 2:38 | Crear | Villager (Male) |
| 3:05 | Crear | Villager (Male) |
| 3:35 | Crear | Villager (Male) |
| 3:35 | Crear | Villager (Male) |
| 4:05 | Investigar | Loom |
| 4:05 | Crear | Villager (Male) |
| 4:15 | Crear | Villager (Male) |
| 4:22 | Crear | Villager (Male) |
| 4:29 | Crear | Villager (Male) |
| 4:30 | Crear | Villager (Male) |
| 5:06 | Crear | Villager (Male) |
| 5:19 | Investigar | Feudal Age |
| 5:45 | Construir | Mining Camp |
| 7:37 | Crear | Villager (Male) |
| 7:41 | Edad | Edad Feudal |
| 7:49 | Construir | Blacksmith |
| 8:00 | Construir | Market |
| 8:14 | Crear | Villager (Male) |
| 8:21 | Construir | House |
| 8:40 | Crear | Villager (Male) |
| 8:52 | Construir | Farm |
| 9:09 | Investigar | Castle Age |
| 9:42 | Crear | Villager (Male) |
| 9:44 | Investigar | Double-Bit Axe |
| 9:57 | Investigar | Gold Mining |
| 10:26 | Crear | Villager (Male) |
| 11:00 | Crear | Villager (Male) |
| 11:08 | Construir | Stable |
| 11:11 | Construir | Farm |
| 11:13 | Construir | Farm |
| 11:24 | Construir | Farm |
| 11:39 | Investigar | Wheelbarrow |
| 11:49 | Edad | Edad de los Castillos |
| 11:53 | Investigar | Forging |
| 12:07 | Crear | Petard |
| 12:09 | Crear | Petard |
| 12:46 | Investigar | Husbandry |
| 13:09 | Crear | Villager (Male) |
| 13:33 | Construir | Farm |
| 13:34 | Construir | Farm |
| 13:34 | Construir | Farm |
| 13:35 | Construir | Farm |
| 13:36 | Construir | Farm |
| 13:47 | Crear | Knight |
| 13:47 | Crear | Knight |
| 14:18 | Crear | Knight |
| 14:51 | Crear | Knight |
| 14:52 | Crear | Villager (Male) |
| 15:00 | Construir | Farm |
| 15:03 | Construir | Farm |
| 15:15 | Crear | Knight |
| 15:45 | Crear | Knight |
| 16:12 | Crear | Knight |
| 16:35 | Crear | Knight |
| 16:35 | Crear | Knight |
| 16:55 | Crear | Knight |
| 17:13 | Crear | Knight |
| 17:16 | Crear | Villager (Male) |
| 17:21 | Construir | Stable |
| 17:21 | Crear | Villager (Male) |
| 17:31 | Crear | Throwing Axeman |
| 17:31 | Crear | Throwing Axeman |
| 17:54 | Crear | Knight |
| 17:54 | Crear | Knight |
| 18:09 | Crear | Knight |
| 18:25 | Construir | House |
| 18:26 | Construir | House |
| 18:38 | Crear | Knight |
| 18:38 | Crear | Knight |
| 19:09 | Crear | Knight |
| 19:10 | Crear | Knight |
| 19:30 | Crear | Villager (Male) |
| 19:30 | Crear | Villager (Male) |
| 19:35 | Construir | Monastery |
| 20:01 | Crear | Villager (Male) |
| 20:02 | Crear | Villager (Male) |
| 20:45 | Crear | Knight |
| 20:45 | Crear | Knight |
| 21:24 | Crear | Villager (Male) |
| 21:25 | Crear | Villager (Male) |
| 21:51 | Construir | Mining Camp |
| 21:52 | Crear | Villager (Male) |
| 21:52 | Crear | Villager (Male) |
| 22:06 | Construir | Town Center |
| 22:18 | Crear | Monk |
| 22:18 | Crear | Monk |
| 22:23 | Construir | House |
| 22:25 | Construir | House |
| 23:27 | Construir | Building 487 |
| 23:56 | Crear | Villager (Male) |
| 23:56 | Crear | Villager (Male) |
| 24:03 | Crear | Villager (Male) |
| 25:38 | Crear | Villager (Male) |
| 25:47 | Construir | Town Center |
| 25:48 | Crear | Villager (Male) |
| 25:49 | Crear | Villager (Male) |
| 25:58 | Crear | Villager (Male) |
| 27:21 | Construir | Farm |
| 27:21 | Construir | Farm |
| 27:22 | Construir | Farm |
| 27:34 | Crear | Villager (Male) |
| 27:34 | Crear | Villager (Male) |
| 27:34 | Crear | Villager (Male) |
| 27:35 | Crear | Villager (Male) |
| 27:39 | Investigar | Wheelbarrow |
| 27:48 | Construir | Building 487 |
| 28:03 | Crear | Villager (Male) |
| 28:06 | Crear | Villager (Male) |
| 28:06 | Crear | Villager (Male) |
| 28:29 | Crear | Villager (Male) |
| 28:38 | Construir | Town Center |
| 28:39 | Crear | Villager (Male) |
| 28:39 | Crear | Villager (Male) |
| 28:45 | Crear | Villager (Male) |
| 28:46 | Crear | Villager (Male) |
| 29:05 | Crear | Villager (Male) |
| 29:06 | Crear | Villager (Male) |
| 29:27 | Crear | Villager (Male) |
| 29:28 | Crear | Villager (Male) |
| 29:31 | Construir | House |
| 29:32 | Construir | House |
| 29:33 | Crear | Villager (Male) |
| 29:49 | Crear | Villager (Male) |
| 29:49 | Crear | Villager (Male) |
| 30:01 | Crear | Villager (Male) |
| 30:18 | Crear | Villager (Male) |
| 30:19 | Crear | Villager (Male) |
| 30:27 | Crear | Villager (Male) |
| 30:27 | Crear | Villager (Male) |
| 30:48 | Crear | Villager (Male) |
| 30:48 | Crear | Villager (Male) |
| 30:55 | Construir | Mining Camp |
| 30:56 | Crear | Villager (Male) |
| 31:08 | Crear | Villager (Male) |
| 31:08 | Crear | Villager (Male) |
| 31:25 | Crear | Villager (Male) |
Build order — K4rstein
Primeras 150 de 364 acciones detectadas
| 0:03 | Crear | Villager (Male) |
| 0:15 | Construir | Mill |
| 0:24 | Crear | Villager (Male) |
| 0:24 | Crear | Villager (Male) |
| 0:24 | Crear | Villager (Male) |
| 0:28 | Construir | Lumber Camp |
| 1:42 | Crear | Villager (Male) |
| 1:42 | Crear | Villager (Male) |
| 1:50 | Crear | Villager (Male) |
| 2:19 | Crear | Villager (Male) |
| 2:19 | Crear | Villager (Male) |
| 2:20 | Crear | Villager (Male) |
| 2:36 | Crear | Villager (Male) |
| 2:36 | Crear | Villager (Male) |
| 3:01 | Crear | Villager (Male) |
| 3:01 | Crear | Villager (Male) |
| 3:01 | Crear | Villager (Male) |
| 3:02 | Crear | Villager (Male) |
| 3:24 | Crear | Villager (Male) |
| 3:24 | Crear | Villager (Male) |
| 3:43 | Crear | Villager (Male) |
| 3:43 | Crear | Villager (Male) |
| 4:26 | Crear | Villager (Male) |
| 4:27 | Crear | Villager (Male) |
| 4:27 | Crear | Villager (Male) |
| 4:36 | Construir | Mining Camp |
| 4:45 | Crear | Villager (Male) |
| 4:54 | Crear | Villager (Male) |
| 4:54 | Crear | Villager (Male) |
| 4:54 | Crear | Villager (Male) |
| 4:55 | Crear | Villager (Male) |
| 5:18 | Crear | Villager (Male) |
| 5:28 | Investigar | Feudal Age |
| 5:49 | Investigar | Loom |
| 6:33 | Construir | Mining Camp |
| 7:12 | Construir | Farm |
| 7:20 | Construir | Farm |
| 8:03 | Edad | Edad Feudal |
| 8:16 | Construir | Market |
| 8:25 | Construir | Blacksmith |
| 8:31 | Crear | Villager (Male) |
| 8:32 | Crear | Villager (Male) |
| 9:35 | Construir | Farm |
| 9:39 | Investigar | Castle Age |
| 10:05 | Construir | House |
| 10:18 | Investigar | Horse Collar |
| 10:35 | Construir | Farm |
| 10:44 | Investigar | Double-Bit Axe |
| 11:10 | Construir | Farm |
| 12:19 | Edad | Edad de los Castillos |
| 12:22 | Crear | Conquistador |
| 12:22 | Crear | Conquistador |
| 12:25 | Crear | Villager (Male) |
| 12:26 | Crear | Villager (Male) |
| 12:26 | Crear | Villager (Male) |
| 12:36 | Construir | Town Center |
| 12:44 | Crear | Villager (Male) |
| 12:50 | Construir | Farm |
| 12:55 | Crear | Conquistador |
| 13:07 | Crear | Villager (Male) |
| 13:07 | Crear | Villager (Male) |
| 13:22 | Construir | House |
| 13:26 | Crear | Conquistador |
| 13:33 | Construir | Farm |
| 13:40 | Construir | Farm |
| 13:43 | Crear | Villager (Male) |
| 13:43 | Crear | Villager (Male) |
| 13:53 | Crear | Conquistador |
| 14:13 | Crear | Villager (Male) |
| 14:20 | Construir | Farm |
| 14:27 | Crear | Conquistador |
| 14:37 | Construir | House |
| 14:41 | Construir | House |
| 15:11 | Crear | Villager (Male) |
| 15:12 | Crear | Villager (Male) |
| 15:15 | Crear | Conquistador |
| 16:18 | Crear | Villager (Male) |
| 16:19 | Crear | Villager (Male) |
| 16:26 | Construir | Town Center |
| 16:33 | Crear | Conquistador |
| 16:40 | Crear | Conquistador |
| 17:06 | Crear | Villager (Male) |
| 17:07 | Crear | Villager (Male) |
| 17:07 | Crear | Villager (Male) |
| 17:12 | Crear | Conquistador |
| 17:41 | Crear | Conquistador |
| 17:41 | Crear | Conquistador |
| 17:59 | Crear | Villager (Male) |
| 18:00 | Crear | Villager (Male) |
| 18:00 | Crear | Villager (Male) |
| 18:28 | Crear | Villager (Male) |
| 18:28 | Crear | Villager (Male) |
| 19:42 | Crear | Conquistador |
| 19:43 | Crear | Conquistador |
| 20:05 | Construir | Town Center |
| 20:09 | Investigar | Heavy Plow |
| 21:26 | Crear | Villager (Male) |
| 21:27 | Crear | Villager (Male) |
| 21:27 | Crear | Villager (Male) |
| 21:27 | Crear | Villager (Male) |
| 21:38 | Crear | Conquistador |
| 21:38 | Crear | Conquistador |
| 21:45 | Investigar | Bow Saw |
| 21:48 | Construir | Farm |
| 21:51 | Construir | Farm |
| 21:53 | Construir | Farm |
| 21:56 | Construir | Farm |
| 21:58 | Construir | Farm |
| 22:00 | Construir | Farm |
| 22:50 | Crear | Conquistador |
| 23:19 | Crear | Villager (Male) |
| 23:20 | Crear | Villager (Male) |
| 23:20 | Crear | Villager (Male) |
| 23:20 | Crear | Villager (Male) |
| 23:21 | Crear | Villager (Male) |
| 23:21 | Crear | Villager (Male) |
| 23:52 | Crear | Conquistador |
| 23:52 | Crear | Conquistador |
| 23:53 | Crear | Villager (Male) |
| 23:53 | Crear | Villager (Male) |
| 23:53 | Crear | Villager (Male) |
| 23:54 | Crear | Villager (Male) |
| 23:54 | Crear | Villager (Male) |
| 23:54 | Crear | Villager (Male) |
| 24:45 | Crear | Villager (Male) |
| 24:45 | Crear | Villager (Male) |
| 24:53 | Construir | Barracks |
| 24:57 | Crear | Villager (Male) |
| 24:57 | Crear | Villager (Male) |
| 24:58 | Crear | Villager (Male) |
| 24:58 | Crear | Villager (Male) |
| 24:58 | Crear | Villager (Male) |
| 25:10 | Construir | House |
| 25:10 | Construir | House |
| 25:11 | Construir | House |
| 25:11 | Construir | House |
| 25:11 | Construir | House |
| 25:12 | Construir | House |
| 25:12 | Construir | House |
| 25:17 | Crear | Villager (Male) |
| 25:21 | Investigar | Town Watch |
| 25:30 | Crear | Villager (Male) |
| 25:33 | Crear | Villager (Male) |
| 25:33 | Crear | Villager (Male) |
| 25:36 | Construir | Farm |
| 25:40 | Construir | Farm |
| 25:44 | Construir | Farm |
| 25:46 | Construir | Farm |
| 25:47 | Crear | Villager (Male) |
| 25:47 | Crear | Villager (Male) |
Build order — w1ldBoy
Primeras 150 de 512 acciones detectadas
| 0:01 | Crear | Villager (Male) |
| 0:01 | Crear | Villager (Male) |
| 0:01 | Crear | Villager (Male) |
| 0:07 | Crear | Villager (Male) |
| 0:07 | Crear | Villager (Male) |
| 0:09 | Construir | Lumber Camp |
| 0:25 | Construir | Mill |
| 1:13 | Crear | Villager (Male) |
| 1:13 | Crear | Villager (Male) |
| 1:42 | Crear | Villager (Male) |
| 1:42 | Crear | Villager (Male) |
| 2:17 | Crear | Villager (Male) |
| 2:17 | Crear | Villager (Male) |
| 2:53 | Crear | Villager (Male) |
| 2:54 | Crear | Villager (Male) |
| 3:16 | Crear | Villager (Male) |
| 3:17 | Crear | Villager (Male) |
| 3:33 | Crear | Villager (Male) |
| 3:33 | Crear | Villager (Male) |
| 3:49 | Construir | Farm |
| 4:10 | Construir | Farm |
| 4:21 | Construir | Farm |
| 4:28 | Construir | Farm |
| 4:31 | Crear | Villager (Male) |
| 4:31 | Crear | Villager (Male) |
| 4:31 | Crear | Villager (Male) |
| 4:38 | Construir | Farm |
| 5:09 | Construir | Mining Camp |
| 5:20 | Investigar | Feudal Age |
| 5:20 | Investigar | Loom |
| 6:50 | Crear | Villager (Male) |
| 6:51 | Crear | Villager (Male) |
| 7:31 | Construir | House |
| 7:32 | Construir | House |
| 7:36 | Edad | Edad Feudal |
| 7:37 | Investigar | Double-Bit Axe |
| 7:38 | Investigar | Double-Bit Axe |
| 7:38 | Investigar | Horse Collar |
| 7:38 | Investigar | Horse Collar |
| 7:40 | Crear | Villager (Male) |
| 8:04 | Construir | Farm |
| 8:07 | Crear | Villager (Male) |
| 8:13 | Construir | Blacksmith |
| 8:31 | Construir | Farm |
| 8:57 | Construir | Market |
| 9:00 | Crear | Villager (Male) |
| 9:11 | Crear | Villager (Male) |
| 9:57 | Investigar | Castle Age |
| 10:06 | Investigar | Gold Mining |
| 11:25 | Crear | Villager (Male) |
| 11:25 | Crear | Villager (Male) |
| 11:25 | Crear | Villager (Male) |
| 12:21 | Construir | Stable |
| 12:27 | Crear | Villager (Male) |
| 12:46 | Edad | Edad de los Castillos |
| 12:48 | Construir | Town Center |
| 12:52 | Construir | Town Center |
| 12:53 | Investigar | Bow Saw |
| 12:53 | Investigar | Bow Saw |
| 12:59 | Crear | Villager (Male) |
| 13:16 | Investigar | Heavy Plow |
| 13:22 | Crear | Villager (Male) |
| 13:36 | Crear | Villager (Male) |
| 13:36 | Crear | Villager (Male) |
| 13:40 | Construir | Farm |
| 13:43 | Construir | Farm |
| 13:44 | Construir | Farm |
| 13:44 | Construir | Farm |
| 13:49 | Crear | Villager (Male) |
| 14:02 | Construir | Lumber Camp |
| 14:04 | Crear | Villager (Male) |
| 14:04 | Crear | Villager (Male) |
| 14:05 | Crear | Villager (Male) |
| 14:06 | Crear | Villager (Male) |
| 14:16 | Crear | Villager (Male) |
| 14:16 | Crear | Villager (Male) |
| 14:37 | Construir | Mining Camp |
| 14:46 | Crear | Villager (Male) |
| 14:46 | Crear | Villager (Male) |
| 15:05 | Construir | Stone Wall |
| 15:09 | Crear | Villager (Male) |
| 15:10 | Crear | Villager (Male) |
| 15:21 | Construir | Farm |
| 15:30 | Crear | Villager (Male) |
| 15:31 | Crear | Villager (Male) |
| 15:41 | Construir | House |
| 15:53 | Crear | Villager (Male) |
| 15:56 | Construir | Farm |
| 16:05 | Construir | Farm |
| 16:06 | Construir | Farm |
| 16:07 | Construir | Farm |
| 16:08 | Construir | Farm |
| 16:09 | Crear | Villager (Male) |
| 16:09 | Crear | Villager (Male) |
| 16:12 | Construir | Farm |
| 16:18 | Construir | House |
| 16:21 | Crear | Villager (Male) |
| 16:38 | Construir | Farm |
| 16:41 | Crear | Knight |
| 16:41 | Crear | Knight |
| 16:45 | Crear | Villager (Male) |
| 16:49 | Construir | House |
| 16:50 | Construir | House |
| 17:04 | Construir | Farm |
| 17:10 | Construir | Farm |
| 17:12 | Construir | Mill |
| 17:13 | Construir | Farm |
| 17:14 | Construir | Farm |
| 17:17 | Construir | Farm |
| 17:21 | Construir | Farm |
| 17:22 | Crear | Villager (Male) |
| 17:22 | Crear | Villager (Male) |
| 17:25 | Construir | Farm |
| 17:28 | Crear | Knight |
| 17:32 | Crear | Villager (Male) |
| 17:46 | Crear | Knight |
| 17:48 | Crear | Villager (Male) |
| 17:56 | Construir | Farm |
| 17:59 | Crear | Villager (Male) |
| 18:04 | Construir | House |
| 18:05 | Construir | House |
| 18:06 | Construir | House |
| 18:07 | Crear | Villager (Male) |
| 18:08 | Crear | Villager (Male) |
| 18:12 | Construir | Mill |
| 18:13 | Construir | Farm |
| 18:16 | Crear | Villager (Male) |
| 18:16 | Crear | Villager (Male) |
| 18:19 | Investigar | Loom |
| 18:22 | Crear | Knight |
| 18:22 | Crear | Knight |
| 18:33 | Crear | Knight |
| 18:35 | Crear | Villager (Male) |
| 18:38 | Construir | Farm |
| 18:48 | Crear | Villager (Male) |
| 18:48 | Crear | Villager (Male) |
| 18:49 | Crear | Villager (Male) |
| 18:53 | Construir | Farm |
| 18:54 | Construir | Mill |
| 18:56 | Crear | Villager (Male) |
| 19:02 | Crear | Villager (Male) |
| 19:02 | Crear | Villager (Male) |
| 19:05 | Construir | Farm |
| 19:09 | Construir | Farm |
| 19:12 | Construir | Farm |
| 19:13 | Construir | Mill |
| 19:15 | Construir | Farm |
| 19:17 | Construir | Farm |
| 19:18 | Crear | Villager (Male) |
| 19:19 | Crear | Villager (Male) |
Cronología de la partida
| 7:36 | w1ldBoy · age_up feudal |
| 7:41 | Oz!' · age_up feudal |
| 8:03 | K4rstein · age_up feudal |
| 8:26 | chris3er · age_up feudal |
| 11:08 | Oz!' · first_building Stable |
| 11:49 | Oz!' · age_up castle |
| 12:01 | chris3er · age_up castle |
| 12:19 | K4rstein · age_up castle |
| 12:21 | w1ldBoy · first_building Stable |
| 12:46 | w1ldBoy · age_up castle |
| 13:13 | w1ldBoy · first_market_buy 100 wood |
| 13:47 | chris3er · first_market_buy 100 food |
| 15:05 | w1ldBoy · wall_segment Stone Wall x4 |
| 18:03 | chris3er · first_market_sell 100 wood |
| 18:43 | w1ldBoy · tribute_sent a jugador 1 |
| 18:43 | w1ldBoy · tribute_sent a jugador 2 |
| 18:43 | w1ldBoy · tribute_sent a jugador 4 |
| 19:35 | Oz!' · first_building Monastery |
| 22:11 | chris3er · first_building Barracks |
| 24:53 | K4rstein · first_building Barracks |
| 26:17 | w1ldBoy · wall_segment Stone Wall x11 |
| 26:34 | K4rstein · first_building Siege Workshop |
| 26:44 | w1ldBoy · first_building Monastery |
| 26:46 | chris3er · first_building Siege Workshop |
| 26:46 | K4rstein · first_building Monastery |
| 27:50 | w1ldBoy · wall_segment Stone Wall x1 |
| 28:11 | w1ldBoy · wall_segment Stone Wall x1 |
| 28:29 | Oz!' · first_market_buy 100 wood |
| 28:39 | w1ldBoy · age_up imperial |
| 30:28 | K4rstein · first_building Castle |
| 31:06 | chris3er · first_building Archery Range |
| 31:54 | chris3er · first_building Castle |
| 32:01 | K4rstein · first_market_buy 100 food |
| 32:03 | chris3er · age_up imperial |
| 34:10 | w1ldBoy · first_building Castle |
| 34:17 | w1ldBoy · first_building Archery Range |
| 34:22 | Oz!' · first_building Siege Workshop |
| 35:16 | K4rstein · age_up imperial |
| 35:52 | Oz!' · first_building Castle |
| 36:07 | K4rstein · first_building Stable |
| 36:39 | Oz!' · wall_segment Stone Wall x8 |
| 36:44 | Oz!' · wall_segment Stone Wall x6 |
| 36:44 | K4rstein · wall_segment Stone Wall x4 |
| 37:38 | Oz!' · first_building Archery Range |
| 38:34 | Oz!' · resign |
| 40:20 | chris3er · first_building Monastery |
| 40:51 | w1ldBoy · first_building Siege Workshop |
| 41:52 | w1ldBoy · first_market_sell 100 wood |
[ ANÁLISIS IA · 1 CRÉDITO ]
¿Qué pasó realmente en esta partida?
Wolo.gg analiza cada decisión: build order, eco, micro, errores típicos por bracket. Análisis personalizado por WhatsApp o Discord en 30 segundos.
Guía civ
Godos
Guía mapa
Fortress
Perfil
chris3er